 Dungeon Crawl Stone Soup version 0.22.0 (webtiles) character file.

219 b5mith the Sneak (level 6, -3/43 HPs)
             Began as a Human Wanderer on Oct 13, 2018.
             Slain by an orc wizard
             ... wielding a +2 dagger of venom
              (4 damage)
             ... on level 4 of the Dungeon.
             The game lasted 00:15:37 (5957 turns).

b5mith the Sneak (Human Wanderer)                   Turns: 5957, Time: 00:15:38

Health: -3/43      AC:  4    Str: 12    XL:     6   Next: 18%
Magic:  10/10      EV: 27    Int: 15    God:
Gold:   240        SH:  0    Dex: 12    Spells: 10/10 levels left

rFire    . . .     SeeInvis .   a - +2 dagger
rCold    . . .     Gourm    .   (no shield)
rNeg     . . .     Faith    .   e - +0 robe
rPois    .         Spirit   .   (no helmet)
rElec    .         Reflect  .   (no cloak)
rCorr    .         Harm     .   h - +0 pair of gloves
MR       .....                  w - +0 pair of boots
Stlth    +++.......             m - amulet of the acrobat
HPRegen  0.14/turn              (no ring)
MPRegen  0.12/turn              (no ring)

@: lethally poisoned (-3 -> -38)
A: no striking features
a: no special abilities


You were on level 4 of the Dungeon.
You were not hungry.

You visited 1 branch of the dungeon, and saw 5 of its levels.

You collected 240 gold pieces.

Inventory:

Hand Weapons
 a - a +2 dagger (weapon)
 r - a +0 hunting sling
   (You found it on level 2 of the Dungeon)
Missiles
 g - 55 bolts
 j - 8 tomahawks (quivered)
Armour
 e - a +0 robe (worn)
 h - a +0 pair of gloves (worn)
   (You found it on level 1 of the Dungeon)
 w - a +0 pair of boots (worn)
   (You found it on level 4 of the Dungeon)
Jewellery
 m - an amulet of the acrobat (around neck)
   (You found it on level 1 of the Dungeon)
Wands
 d - a wand of random effects (11)
Scrolls
 i - 3 scrolls of identify {@r1}
 l - a scroll of random uselessness {unknown}
 p - 4 scrolls of teleportation {unknown}
 s - a scroll of remove curse {unknown}
 t - 2 scrolls of fear
 u - a scroll of enchant armour {unknown}
Potions
 b - a potion of heal wounds
 c - a potion of lignification
 k - a potion of curing {unknown}
 n - a potion of resistance {unknown}
 o - 2 potions of brilliance {unknown}
 q - a potion of degeneration {unknown}
Comestibles
 f - 7 rations


   Skills:
 - Level 1.0 Fighting
 - Level 2.0 Dodging
 + Level 4.5 Stealth
 + Level 2.7 Spellcasting
   Level 1.0 Hexes
   Level 2.0 Fire Magic
 + Level 3.3 Evocations


You had 10 spell levels left.
You didn't know any spells.
Your spell library was empty.

Dungeon Overview and Level Annotations

Branches:
Dungeon (5/15)             Temple (0/1) D:4

Altars:
Cheibriados
Elyvilon
Fedhas
Makhleb
Zin
The Shining One


Message History

You hit the orc.
The orc is severely wounded.
The orc wizard gestures wildly while chanting.
The orc wizard blinks!
The orc barely misses you.
You hit the orc but do no damage.
The orc is severely wounded.
You feel sick. The orc barely misses you. The orc misses you.
You hit the orc.
You kill the orc!
The orc wizard casts a spell.
The orc wizard blinks!
You hit the orc wizard but do no damage.
The orc wizard is lightly wounded.
You feel yourself speed up.
The orc wizard hits you with a dagger of venom.
You are more poisoned.
The orc wizard hits you with a dagger of venom.
You are lethally poisoned!
The orc wizard hits you but does no damage.
You are more poisoned.
You hit the orc wizard.
The orc wizard is moderately wounded.
You feel very sick. The orc wizard misses you.
You hit the orc wizard but do no damage.
The orc wizard is moderately wounded.
* * * LOW HITPOINT WARNING * * *
You feel very sick.
The orc wizard gestures at you while chanting.
The magic dart hits you!
* * * LOW HITPOINT WARNING * * *
The orc wizard closely misses you.
Drop what? 22/52 slots (_ for help) (? for menu, Esc to quit)
Okay, then.
Okay, then.
That item cannot be evoked!
There are no items here.
Aiming: Random Effects
Press: ? - help, Shift-Dir - straight line, f - orc wizard
Aim: an orc wizard, wielding a dagger of venom and wearing a robe (moderately wounded, fast) Nothing appears to happen.
* * * LOW HITPOINT WARNING * * *
You feel very sick.
The orc wizard hits you with a dagger of venom.
* * * LOW HITPOINT WARNING * * *
You are more poisoned.
* * * LOW HITPOINT WARNING * * *
You feel very sick.
The orc wizard hits you with a dagger of venom.
You die...

#.....#.#.......##...
#.......####.#.......
#.....### #.#####...
#.....# #.# #..##
####### #.# #.## #.#
... #.#..## ########
#.#.# ##.ooo@.# ...
.......###<# #..
#####.ยง..#.######.#
#.##.........# #.
###.######(# ## ###


You could see an orc wizard and 2 orcs.

Vanquished Creatures
  Jessica (D:2)
  A worker ant (D:4)
  6 adders
  An ooze (D:2)
  6 worms
  5 dart slugs
  3 leopard geckos
  7 orcs
  2 giant cockroaches
  3 goblins
  12 hobgoblins
  5 jackals (D:1)
  2 quokkas (D:2)
  A ball python (D:2)
  10 bats
  3 frilled lizards
  7 kobolds
  4 rats
79 creatures vanquished.

Notes
Turn   | Place    | Note
-------+----------+-------------------------------------------
     0 | D:1      | b5mith the Human Wanderer began the quest for the Orb.
     0 | D:1      | b5mith set off with: a +2 dagger, a potion of haste, a potion of lignification, a wand of random effects (15), a +0 robe, a ration
     0 | D:1      | Reached XP level 1. HP: 15/15 MP: 1/1
   135 | D:1      | Reached XP level 2. HP: 6/21 MP: 2/2
   573 | D:1      | Reached skill level 1 in Spellcasting
   613 | D:1      | Reached XP level 3. HP: 24/26 MP: 4/4
  1395 | D:2      | Found a snail-covered altar of Cheibriados.
  1712 | D:2      | Reached XP level 4. HP: 15/32 MP: 6/6
  2696 | D:2      | Noticed Jessica
  2701 | D:2      | Killed Jessica
  2701 | D:2      | Reached skill level 4 in Stealth
  2701 | D:2      | Reached XP level 5. HP: 35/37 MP: 6/8
  3435 | D:4      | Found a blossoming altar of Fedhas.
  3435 | D:4      | Found a staircase to the Ecumenical Temple.
  3786 | D:3      | Found a glowing golden altar of the Shining One.
  3786 | D:3      | Found a white marble altar of Elyvilon.
  3787 | D:3      | Found a glowing silver altar of Zin.
  4753 | D:4      | Reached XP level 6. HP: 22/43 MP: 9/9
  5057 | D:5      | Entered Level 5 of the Dungeon
  5057 | D:5      | Found a burning altar of Makhleb.
  5831 | D:3      | Found a faded altar of an unknown god.
  5957 | D:4      | HP: 1/43 [poisoned by an orc wizard]
  5957 | D:4      | Slain by an orc wizard

Skill      XL: |  1  2  3  4  5 |
---------------+----------------+-----
Spellcasting   | 1 2 |  2.7
Evocations     | 2 3 |  3.3
Stealth        | 4 |  4.5
Fighting       | |  1.0
Dodging        | |  2.0
Hexes          | |  1.0
Fire Magic     | |  2.0

Action                   |  1- 3 |  4- 6 || total
-------------------------+-------+-------++-------
Melee: Dagger            |   129 |   269 ||   398
Evoke: Wand              |       |     4 ||     4
  Use: Scroll            |       |     3 ||     3
       Potion            |       |     1 ||     1
 Stab: Sleeping          |     4 |     3 ||     7
       Distracted        |     1 |       ||     1
  Eat: Chunk             |     3 |    13 ||    16
Armor: Robe              |    29 |    36 ||    65
Dodge: Dodged            |    94 |   167 ||   261
